 Dungeon Crawl Stone Soup version 0.18.1-50-g88ac8fd (webtiles) character file.

1383 Chiseanne the Covert (level 8, -2/39 HPs)
             Began as a Spriggan Assassin on Apr 3, 2017.
             Killed from afar by an orc wizard (6 damage)
             ... with a puff of frost
             ... on level 6 of the Dungeon.
             The game lasted 00:12:16 (6145 turns).

Chiseanne the Covert (Spriggan Assassin)            Turns: 6145, Time: 00:12:16

Health: -2/39      AC:  5    Str:  9    XL:     8   Next: 40%
Magic:  9/9        EV: 26    Int: 15    God:
Gold:   207        SH:  3    Dex: 19    Spells: 0 memorised, 7 levels left

rFire  . . .     SeeInvis +     a - +4 dagger (venom)
rCold  . . .     Gourm    .     c - +1 robe
rNeg   . . .     Faith    .     (shield restricted)
rPois  .         Spirit   .     (helmet restricted)
rElec  .         Dismiss  .     d - +1 cloak
rCorr  .         Reflect  +     (gloves unavailable)
SustAt .         Harm     .     (boots unavailable)
MR     +....                    q - +3 amulet of reflection
Stlth  ++++++....               n - +3 ring of evasion
                                E - +2 ring of intelligence

@: very quick, somewhat resistant to hostile enchantments, very stealthy
A: unfitting armour, see invisible, herbivore 3, speed 3, slow metabolism 2,
strong 1, wild magic 1
a: no special abilities


You were on level 6 of the Dungeon.
You were full.

You visited 1 branch of the dungeon, and saw 6 of its levels.
You also visited: Sewer.

You collected 207 gold pieces.

Inventory:

Hand Weapons
 a - a +4 dagger of venom (weapon)
 s - a +2 hand axe of flaming
 w - a +0 blowgun
Missiles
 e - 46 poisoned needles
 i - 92 bolts
 j - 6 tomahawks (quivered)
 l - 44 sling bullets
 o - 110 stones
 p - 58 arrows
Armour
 c - a +1 robe (worn)
 d - a +1 cloak (worn)
Jewellery
 k - an uncursed ring of flight
 n - a +3 ring of evasion (right hand)
 q - a +3 amulet of reflection (around neck)
 v - an uncursed ring of poison resistance {unknown}
 E - a +2 ring of intelligence (left hand)
Wands
 u - a wand of iceblast (1/15)
 B - a wand of lightning (7/15)
Scrolls
 h - a scroll of teleportation
 y - a scroll of blinking
 A - a scroll of magic mapping
 C - a scroll of recharging
Potions
 b - 2 potions of curing
 m - 2 potions of lignification
 r - a potion of heal wounds
 t - a potion of agility {unknown}
 z - a potion of degeneration {unknown}
 D - a potion of berserk rage {unknown}
Comestibles
 g - 5 bread rations
 x - a royal jelly


   Skills:
 * Level 2.9 Fighting
 - Level 5.2 Short Blades
 - Level 2.0 Throwing
 + Level 7.2 Dodging
 * Level 12.4 Stealth


You had 7 spell levels left.
You didn't know any spells.

Dungeon Overview and Level Annotations

Branches:
Dungeon (6/15)
 Temple: D:4-7

Altars:
Fedhas
Makhleb
Qazlal


Innate Abilities, Weirdness & Mutations

You are tiny and cannot use many weapons and most armour.
You have supernaturally acute eyesight.
You are a herbivore.
You cover ground extremely quickly.
You need consume almost no food.
Your muscles are strong. (Str +2)
Your spells are a little harder to cast, but a little more powerful.


Message History

The orc wizard hits you but does no damage.
You closely miss the orc priest.
The orc priest is severely wounded.
The orc wizard misses you. The centaur skeleton misses you.
The orc priest calls down the wrath of Beogh upon you.
Pain shoots through your body! The orc wizard hits you with a dagger.
* * * LOW HITPOINT WARNING * * *
You barely miss the orc wizard.
The orc wizard is severely wounded.
The centaur skeleton misses you. The orc wizard misses you.
The orc wizard closely misses you.
The orc priest calls upon Beogh to heal the orc wizard.
The orc wizard's wounds heal themselves!
You hit the orc priest.
You kill the orc priest!
The centaur skeleton hits you.
* * * LOW HITPOINT WARNING * * *
The orc wizard points at you and mumbles some strange words.
The puff of frost hits you!
You die...

##+# #........####..(..
....#+##((.([....(.(.[...
.................).......
.............[.[.........
....................#####
##.........o......'....
#........Z)o.....#...<
#####............#...#
#......@....## ..# #...........#
..# ####### #...........# ...#
......####...........####'######
..............#+####...........#+
..............#....#.[...........
..............#....#.............
.###'#........#....#.......>.....
.#...#........#....'.............


You could see 2 orc wizards and a centaur skeleton.

Vanquished Creatures
  An ice beast (D:4)
  An orc warrior (D:6)
  Purgy (Sewer)
  4 ogres
  2 centaurs (D:5)
  A water moccasin skeleton (D:6)
  4 orc priests
  A hound (D:5)
  4 orc wizards
  3 iguanas
  A giant frog skeleton (D:5)
  A worker ant (D:5)
  4 adders
  3 oozes
  3 adder skeletons
  5 worms
  3 dart slugs (D:2)
  4 giant geckos
  12 orcs
  7 giant cockroaches
  6 goblins
  6 hobgoblins
  5 jackals
  2 quokkas
  A ball python (D:4)
  5 bats
  6 giant newts
  9 kobolds
  15 rats
120 creatures vanquished.

Notes
Turn   | Place    | Note
--------------------------------------------------------------
     0 | D:1      | Chiseanne the Spriggan Assassin began the quest for the Orb.
     0 | D:1      | Reached XP level 1. HP: 10/10 MP: 2/2
    44 | D:1      | Reached skill level 6 in Stealth
   194 | D:1      | Reached XP level 2. HP: 14/14 MP: 3/3
   832 | D:2      | Reached XP level 3. HP: 18/18 MP: 4/4
   860 | D:2      | Reached skill level 7 in Stealth
  1323 | D:2      | Reached XP level 4. HP: 22/22 MP: 5/5
  1739 | D:2      | Found a burning altar of Makhleb.
  1739 | D:2      | Noticed a green death
  1742 | D:2      | Noticed a ynoxinul
  1742 | D:2      | Noticed a neqoxec
  2301 | D:3      | Reached skill level 8 in Stealth
  2325 | D:3      | Reached XP level 5. HP: 6/25 MP: 6/6
  2843 | D:3      | Found a glowing drain.
  2851 | Sewer    | Entered a sewer
  3121 | Sewer    | Noticed Purgy
  3128 | Sewer    | Killed Purgy
  3128 | Sewer    | Reached skill level 9 in Stealth
  3128 | Sewer    | Reached XP level 6. HP: 30/30 MP: 7/7
  3400 | D:4      | Noticed an ice beast
  3726 | D:4      | Reached skill level 5 in Dodging
  3824 | D:4      | Reached skill level 10 in Stealth
  3824 | D:4      | Reached XP level 7. HP: 17/33 MP: 8/8
  4166 | D:4      | Found a stormy altar of Qazlal.
  4959 | D:5      | Entered Level 5 of the Dungeon
  5003 | D:5      | Reached skill level 5 in Short Blades
  5003 | D:5      | Reached skill level 11 in Stealth
  5134 | D:5      | Reached XP level 8. HP: 39/39 MP: 9/9
  5241 | D:5      | Gained mutation: Your muscles are strong. (Str +2) [potion of beneficial mutation]
  5242 | D:5      | Gained mutation: Your spells are a little harder to cast, but a little more powerful. [potion of beneficial mutation]
  5592 | D:6      | Reached skill level 12 in Stealth
  6031 | D:6      | Found a blossoming altar of Fedhas.
  6033 | D:6      | Found a stormy altar of Qazlal.
  6145 | D:6      | Killed from afar by an orc wizard

Skill      XL: |  1  2  3  4  5  6  7  8 |
---------------+-------------------------+-----
Stealth        | 6 7 8 9 10 11 12 | 12.4
Dodging        | 2 3 4 5 6 7 |  7.2
Short Blades   | 3 4 5 |  5.2
Fighting       | 2 |  2.9
Throwing       | |  2.0

Action                   |  1- 3 |  4- 6 |  7- 9 || total
-------------------------+-------+-------+-------++-------
Melee: Dagger            |    79 |   122 |   107 ||   308
       Hand axe          |       |       |    13 ||    13
 Fire: Blowgun           |       |     8 |    16 ||    24
Throw: Stone             |     5 |     2 |       ||     7
       Tomahawk          |       |       |     5 ||     5
Evoke: Wand              |       |       |     1 ||     1
  Use: Scroll            |     4 |     5 |    10 ||    19
       Potion            |     1 |       |     2 ||     3
 Stab: Sleeping          |    19 |    13 |    11 ||    43
  Eat: Fruit             |       |     7 |       ||     7
Armor: Robe              |     4 |     7 |    11 ||    22
Dodge: Dodged            |    41 |   115 |    96 ||   252
Block: Other             |       |       |    10 ||    10
